 Dungeon Crawl Stone Soup version 0.25-a0-547-g27a0b5d1ef (webtiles) character file.

Game seed: 17034376067516491696, levelgen mode: deterministic

1598 surprisetrexx the Skirmisher (level 8, -1/74 HPs)
             Began as a Hill Orc Fire Elementalist on Feb 23, 2020.
             Slain by a black bear (3 damage)
             ... on level 6 of the Dungeon.
             The game lasted 00:34:06 (8552 turns).

surprisetrexx the Skirmisher (HOFE)                 Turns: 8552, Time: 00:34:06

Health: -1/74      AC:  2    Str: 11    XL:     8   Next: 93%
Magic:  4/12       EV: 12    Int: 17    God:
Gold:   330        SH:  0    Dex: 15    Spells: 5/13 levels left

rFire    . . .     SeeInvis .   a - +0 war axe
rCold    . . .     Gourm    .   (no shield)
rNeg     . . .     Faith    .   f - +0 robe
rPois    .         Spirit   .   (no helmet)
rElec    .         Reflect  .   (no cloak)
rCorr    .         Harm     .   (no gloves)
MR       .....                  (no boots)
Stlth    ++........             (no amulet)
HPRegen  0.22/turn              o - +4 ring of dexterity
MPRegen  0.13/turn              (no ring)

@: very slightly contaminated
A: no striking features
a: no special abilities


You were on level 6 of the Dungeon.
You were hungry.

You visited 1 branch of the dungeon, and saw 6 of its levels.

You collected 330 gold pieces.

Inventory:

Hand Weapons
 a - a +0 war axe (weapon)
 b - a +0 hunting sling
Missiles
 d - 41 stones (quivered)
 t - 23 sling bullets
Armour
 f - a +0 robe (worn)
Jewellery
 o - a +4 ring of dexterity (left hand)
Wands
 m - a wand of digging (8)
Scrolls
 e - 2 scrolls of amnesia {unknown}
 g - 3 scrolls of teleportation {unknown}
 h - 8 scrolls of identify
 i - 2 scrolls of magic mapping {unknown}
 j - 3 scrolls of blinking {unknown}
 k - 2 scrolls of remove curse {unknown}
 l - 5 scrolls of fear {unknown}
 q - a scroll of fog {unknown}
 u - a scroll of enchant armour {unknown}
Potions
 n - 3 potions of curing {unknown}
 p - a potion of ambrosia {unknown}
 r - a potion of degeneration {unknown}
 s - a potion of berserk rage
 v - a potion of might {unknown}
 w - a potion of heal wounds {unknown}
Comestibles
 c - 6 rations


   Skills:
 + Level 7.8 Fighting
 - Level 1.5 Dodging
 - Level 1.5 Stealth
 + Level 3.2 Spellcasting
 - Level 5.1 Conjurations
 - Level 7.2 Fire Magic


You had 5 spell levels left.
You knew the following spells:

 Your Spells              Type           Power        Failure   Level  Hunger
a - Foxfire               Conj/Fire      ###.         1%          1    None
b - Conjure Flame         Conj/Fire      ###.....     4%          3    ###....
c - Sticky Flame          Conj/Fire      ###.....     14%         4    ####...

Your spell library contained the following spells:

 Spells                   Type           Power        Failure   Level  Hunger
 Inner Flame              Hex/Fire       ##......     12%         3    ###....
 Fireball                 Conj/Fire      ###.......   36%         5    ######.
 Confusing Touch          Hex            #.......     45%         3    ###....
 Gell's Gravitas          Tloc           #.........   45%         3    ###....
 Petrify                  Tmut/Erth      #.......     86%         4    ####...
 Metabolic Englaciation   Hex/Ice        #.........   99%         5    ######.
 Yara's Violent Unravell  Hex/Tmut       #.........   99%         5    ######.


Dungeon Overview and Level Annotations

Branches:
Dungeon (6/15)
 Temple: D:4-7

Altars:

Annotations:
D:2 Sigmund


Message History

The black bear bites you.
* * * LOW HITPOINT WARNING * * *
The black bear claws you.
* * * LOW HITPOINT WARNING * * *
The black bear closely misses you. The black bear bites you!
* * * LOW HITPOINT WARNING * * *
The black bear closely misses you. The black bear claws you.
* * * LOW HITPOINT WARNING * * *
You hit the black bear.
The black bear is almost dead.
The black bear bites you.
* * * LOW HITPOINT WARNING * * *
The black bear claws you.
* * * LOW HITPOINT WARNING * * *
The black bear claws you but does no damage.
The black bear closely misses you. x2; The black bear barely misses you.
The black bear bites you.
* * * LOW HITPOINT WARNING * * *
The black bear claws you.
You die...

.#.....#.......#
#....^...)#...#.#
#...###.#.#...#.# #
#...#.....#...#.#.###
#.......###...#.#....
..>........)..........
.##....................
..#.........(<.....#
........#####@####.##
.............h.......
........#####.####.##
.......(#####.####.#
...................#
#######.......######
#(.....######
#(.....+....#
#......####.#######


You could see a black bear (berserk).

Vanquished Creatures
  2 phantoms (D:5)
  2 ogres (D:5)
  2 centaurs
  2 scorpions (D:5)
  A water moccasin skeleton (D:5)
  A howler monkey (D:4)
  A crimson imp (D:5)
  3 orc priests
  2 hounds
  A centaur zombie (D:5)
  A jelly (D:6)
  5 orc wizards
  Terence (D:3)
  3 worker ants
  Ijyb (D:5)
  Natasha (thrice) (D:2)
  2 hound skeletons
  A worker ant zombie (D:5)
  9 adders
  3 gnolls (D:5)
  A river rat (D:5)
  2 shadow imps (D:5)
  3 oozes
  A worm (D:3)
  6 dart slugs
  4 leopard geckos
  18 orcs
  2 ball pythons
  10 bats
  3 giant cockroaches
  13 hobgoblins
  10 jackals
  4 quokkas
  6 frilled lizards
  13 goblins
  A jackal skeleton (D:5)
  3 kobolds
  A quokka skeleton (D:4)
  12 rats
159 creatures vanquished.

Vanquished Creatures (others)
  235 foxfires
235 creatures vanquished.

Grand Total: 394 creatures vanquished

Notes
Turn   | Place    | Note
-------+----------+-------------------------------------------
     0 | D:1      | surprisetrexx the Hill Orc Fire Elementalist began the
                  | quest for the Orb.
     0 | D:1      | Reached XP level 1. HP: 14/14 MP: 3/3
   145 | D:1      | Reached skill level 1 in Fighting
   145 | D:1      | Reached XP level 2. HP: 23/23 MP: 1/4
   480 | D:1      | Reached XP level 3. HP: 24/28 MP: 1/5
  1190 | D:2      | Reached XP level 4. HP: 18/36 MP: 4/6
  1466 | D:2      | Noticed Sigmund
  1563 | D:3      | Noticed Terence
  1582 | D:3      | Killed Terence
  1582 | D:3      | Reached skill level 5 in Fire Magic
  1877 | D:3      | Reached XP level 5. HP: 44/44 MP: 7/7
  1888 | D:3      | Learned a level 3 spell: Conjure Flame
  2988 | D:2      | Reached XP level 6. HP: 51/51 MP: 8/8
  3180 | D:2      | Noticed Natasha
  3187 | D:2      | Killed Natasha
  3311 | D:2      | Noticed Natasha
  3316 | D:2      | Killed Natasha
  3769 | D:2      | Noticed Natasha
  3777 | D:2      | Killed Natasha
  4442 | D:3      | Reached XP level 7. HP: 36/60 MP: 2/9
  4643 | D:3      | Learned a level 4 spell: Sticky Flame
  4884 | D:4      | Reached skill level 5 in Fighting
  5205 | D:5      | Entered Level 5 of the Dungeon
  6453 | D:5      | Reached XP level 8. HP: 41/70 MP: 2/10
  6990 | D:5      | Reached skill level 5 in Conjurations
  7467 | D:5      | Noticed Ijyb
  7481 | D:5      | Killed Ijyb
  8552 | D:6      | HP: 2/74 [black bear (4)]
  8552 | D:6      | Slain by a black bear

Levels and vault maps discovered:
D:1:      wander_arrival_lonely_grave, layout_rooms, minmay_tetromino_s4
D:2:      layout_loops_ring, minmay_mini_jars, uniq_sigmund, uniq_natasha
D:3:      layout_loops_ring, nicolae_overflow_hidden_temple, first_ration,
          uniq_terence
D:4:      layout_rooms
D:5:      layout_loops_ring, portal_sewer_entry_b, serial_park_tiny_2, uniq_ijyb
D:6:      layout_basic, minmay_temple_entry_wispy, uniq_edmund, uniq_pikel

Skill      XL: |  1  2  3  4  5  6  7  8 |
---------------+-------------------------+-----
Fighting       | 1 2 3 4 5 7 |  7.8
Fire Magic     | 4 5 6 7 |  7.2
Conjurations   | 4 5 |  5.1
Spellcasting   | 3 |  3.2
Dodging        | |  1.5
Stealth        | |  1.5

Action                   |  1- 3 |  4- 6 |  7- 9 || total
-------------------------+-------+-------+-------++-------
Melee: Unarmed           |     3 |       |       ||     3
       Hand axe          |     8 |    29 |       ||    37
       War axe           |       |    40 |   112 ||   152
 Fire: Hunting sling     |    17 |   165 |   203 ||   385
 Cast: Foxfire           |    45 |    55 |    41 ||   141
       Conjure Flame     |       |     3 |     5 ||     8
       Sticky Flame      |       |       |    10 ||    10
  Use: Scroll            |       |     1 |       ||     1
  Eat: Chunk             |     2 |    12 |    13 ||    27
       Ration            |       |       |     1 ||     1
Armor: Robe              |     4 |    34 |    42 ||    80
Dodge: Dodged            |    38 |   116 |   173 ||   327

Table legend:
 A = Non-vault XP
 B = Vault XP
 C = Vault XP percentage of total XP
 D = Non-vault monster count
 E = Vault monster count
 F = Vault count percentage of total count
                 A         B        C        D         E       F
            +---------+---------+-------+---------+---------+-------
      Total |    2142 |     141 |   6.2 |     146 |      13 |   8.2
            +---------+---------+-------+---------+---------+-------
        D:1 |      43 |       5 |  10.4 |      23 |       3 |  11.5
        D:2 |     133 |      50 |  27.3 |      25 |       6 |  19.4
        D:3 |     238 |      38 |  13.8 |      38 |       2 |   5.0
        D:4 |     331 |       0 |   0.0 |      18 |       0 |   0.0
        D:5 |    1228 |      48 |   3.8 |      39 |       2 |   4.9
        D:6 |     169 |       0 |   0.0 |       3 |       0 |   0.0
            +---------+---------+-------+---------+---------+-------
